 Dungeon Crawl Stone Soup version 0.29.1-2-gbd0b4ee654 (webtiles) character file.

Game seed: 16280950044195104826

106687 KittyFluff the Stickfighter (level 16, -10/103 HPs)
             Began as a Gargoyle Berserker on Nov 24, 2022.
             Was the Champion of Trog.
             Mangled by a spriggan rider
             ... wielding a +0 spear
              (16 damage)
             ... on level 1 of the Swamp.
             The game lasted 02:33:47 (26214 turns).

KittyFluff the Stickfighter (Gargoyle Berserker)   Turns: 26214, Time: 02:33:50

Health: -10/103    AC: 26    Str: 36    XL:     16   Next: 44%
Magic:  5/5        EV: 16    Int:  9    God:    Trog [******]
Gold:   1596       SH:  5    Dex: 15    Spells: 15/15 levels left

rFire   . . .      SeeInvis .   D - +7 lajatang (antimagic)
rCold   . . .      Faith    .   (shield currently unavailable)
rNeg    + + .      Spirit   .   k - +0 troll leather armour
rPois   ∞          Reflect  +   t - +2 helmet
rElec   +          Harm     .   M - +0 cloak
rCorr   .          Rampage  .   V - +2 pair of gloves "Igricuse" {-Cast rN+ Str+2 Slay+4}
Will    +....      NoCast   +   (no boots)
Stlth   +++.......              K - amulet of reflection
HPRegen 1.07/turn               T - +6 ring of strength
MPRegen 0.09/turn               g - +6 ring of strength

@: flying
A: sickness immunity, AC +12, big wings, negative energy resistance 1,
electricity resistance, torment resistance 1, petrification resistance
a: Renounce Religion, Berserk, Trog's Hand, Brothers in Arms


You were on level 1 of the Swamp.
You worshipped Trog.
Trog was exalted by your worship.
You visited 4 branches of the dungeon, and saw 23 of its levels.
You also visited: Sewer.

You collected 2340 gold pieces.
You spent 744 gold pieces at shops.

Inventory:

Hand Weapons
 a - the +3 mace of Dominance {venom, +Blink Str+3}
   (You found it on level 10 of the Dungeon)

   It poisons the flesh of those it strikes.
   Str:       It affects your strength (+3).
   +Blink:    It lets you blink.
 b - a +7 vorpal quarterstaff
 p - a +0 vorpal arbalest
 D - a +7 antimagic lajatang (weapon)
 U - a +2 morningstar of draining
Missiles
 c - 3 datura-tipped darts
 s - 10 boomerangs (quivered)
 w - 35 poisoned darts
 H - 4 silver javelins
 X - 8 curare-tipped darts
 Y - 17 boomerangs of dispersal
Armour
 e - a +0 kite shield of reflection
 f - an orb of mayhem
 k - a +0 troll leather armour (worn)
 q - a +2 chain mail of fire resistance
 t - a +2 helmet (worn)
 C - a +0 scale mail of cold resistance
 F - the +10 plate armour of Hide-and-Seek {-Cast rElec rC+ Will++}
   (You found it on level 4 of the Lair of Beasts)

   rC:        It protects you from cold.
   rElec:     It insulates you from electricity.
   -Cast:     It prevents spellcasting.
   Will:      It greatly increases your willpower.
 G - the +3 pair of seven-league boots {Rampage+∞}
   (You found it on level 11 of the Dungeon)

   Its wearer moves as far as possible in that direction when moving towards
   enemies.
 M - a +0 cloak (worn)
 V - the +2 pair of gloves "Igricuse" (worn) {-Cast rN+ Str+2 Slay+4}
   (You bought it in a shop on level 6 of the Dungeon)

   Str:       It affects your strength (+2).
   Slay:      It affects your accuracy & damage with ranged weapons and melee
   (+4).
   rN:        It protects you from negative energy.
   -Cast:     It prevents spellcasting.
Jewellery
 g - a +6 ring of strength (right hand)
 r - the ring "Afrugutz" {Fire Dex+3}
   (You found it on level 2 of the Lair of Beasts)

   [ring of fire]

   It enhances your fire magic.
   Dex:       It affects your dexterity (+3).
   rF:        It protects you from fire.
   rC:        It makes you vulnerable to cold.
 v - a ring of ice
 x - a +4 ring of protection
 K - an amulet of reflection (around neck)
 L - a ring of positive energy
 N - a ring of willpower
 T - a +6 ring of strength (left hand)
Wands
 m - a wand of charming (5)
 y - a wand of iceblast (16)
 I - a wand of mindburst (34)
 P - a wand of digging (11)
 S - a wand of polymorph (15)
 Z - a wand of flame (22)
Scrolls
 i - 6 scrolls of immolation
 j - 5 scrolls of fear
 u - 11 scrolls of teleportation
 J - 2 scrolls of magic mapping
 O - 2 scrolls of silence
Potions
 d - 10 potions of heal wounds
 h - 4 potions of haste
 l - 3 potions of cancellation
 n - 9 potions of curing
 o - 5 potions of attraction
 z - 5 potions of resistance
 A - 2 potions of mutation
 B - 4 potions of lignification
 E - 3 potions of invisibility
 Q - 5 potions of might
 R - 3 potions of ambrosia
Miscellaneous
 W - a box of beasts


   Skills:
 + Level 12.6 Fighting
 + Level 5.0(12.4) Maces & Flails
 + Level 17.3(17.6) Staves
 * Level 9.4 Throwing
 * Level 12.5 Armour
 + Level 8.4 Dodging
 + Level 5.3 Stealth
 * Level 7.7 Shields
 * Level 4.6 Evocations


You had 15 spell levels left.
You didn't know any spells.
Your spell library was empty.

Dungeon Overview and Level Annotations

Branches:
Dungeon (15/15)            Temple (0/1) D:5            Lair (5/5) D:11
  Swamp (1/4) Lair:2        Snake (0/4) Lair:3        Slime (0/5) Lair:4
    Orc (2/2) D:10            Elf (0/3) Orc:2        Vaults (0/5) D:14
 Depths (0/4) D:15          Sewer (visited)

Altars:
Kikubaaqudgha
Makhleb
Nemelex Xobeh
Qazlal
Trog
Xom
Zin
Jiyva
Lugonu

Shops:
D:1 :   D:6 *   D:14 :   Orc:2 :*(*

Annotations:
D:8 1 transporter
Lair:4 exclusion: 2 oklob plants
Lair:5 2 transporters, boopmooplesden's ghost, journeyman MiBe


Innate Abilities, Weirdness & Mutations

You are immune to sickness and miasma.
Your stone body is resilient. (AC +12)
You are immune to poison.
Your large and strong wings let you fly.
You resist negative energy. (rN+)
You are resistant to electric shocks. (rElec)
You are resistant to unholy torment.
You are immune to petrification.


Message History

You throw a boomerang.
The boomerang barely misses the swamp worm.
The spriggan rider shouts!
The swamp worm fires a harpoon shot at you.
The harpoon shot hits you.
You are yanked forward by the harpoon shot.
A bloated husk, a spriggan rider and an alligator come into view.
The spriggan rider hits you but does no damage.
The spriggan rider shouts!
You carve the swamp worm like a ham!!!
You kill the swamp worm!
Trog accepts your kill.
The spriggan rider hits you from afar with a +0 spear!
You block the spriggan rider's attack.
The spriggan rider hits you from afar with a +0 spear. x2
You slice the bloated husk!!
The bloated husk is severely damaged.
The bloated husk explodes!
The blast of putrescent gases engulfs the spriggan rider!!!
The blast of putrescent gases engulfs the spriggan rider!!
The blast of putrescent gases engulfs you!!!
You block the spriggan rider's attack.
The spriggan rider hits you but does no damage.
You hear a shout!
Found a plate armour.
An eleionoma comes into view.
Found a long sword.
The alligator puts on a burst of speed!
The eleionoma flows through the trees.
The spriggan rider barely misses you. The eleionoma attacks as you move away!
The eleionoma hits you. The alligator barely misses you.
The alligator misses you.
The spriggan rider hits you from afar with a +0 spear!
The alligator attacks as you move away! The alligator bites you!!
* * * LOW HITPOINT WARNING * * *
The alligator tail-slaps you but does no damage.
The alligator bites you!
* * * LOW HITPOINT WARNING * * *
The alligator misses you.
The spriggan rider hits you from afar with a +0 spear!
You die...

♣...~.~.. ..~ ♣♣..~.§♣
...[ ♣♣~.(~..♣...♣
♣.....~~.~~.♣
♣♣.♣~~.~♣.~♣♣ ♣♣ ♣
♣♣i..~~~.♣♣♣ ♣~♣♣♣ ♣♣
♣♣i...♣♣.♣♣~♣
~~.♣.♣♣.♣♣t..~..♣♣♣.~♣♣
~~..~~~♣.@R.~....♣....♣
..~~~~~~~~..♣..~~~....♣♣
♣..§~~~.~.~.......~.♣.♣
..♣>♣.§<.~~§§...♣~~..♣.♣
♣.....~.~~~♣....♣♣.....♣
.~♣♣.~~.~~/§~♣..♣♣♣..~♣♣
♣♣♣..~..♣♣♣.~~♣♣♣.♣♣
♣♣♣♣.♣♣ ♣.§♣♣ ♣.♣ ♣.♣
...♣ ♣.♣


You could see an eleionoma, an alligator (swift) and 2 spriggan riders.

Vanquished Creatures
  Donald (Orc:2)
  An orc warlord (Orc:2)
  Snorg (Orc:2)
  The ghost of superradish the Fighter, a journeyman OpFi of Hepliaklqana (Lair:2)
  A fire dragon (Lair:5)
  Fannar (D:10)
  A rakshasa (D:9)
  2 vault guards (D:14)
  Erolcha (D:10)
  Harold (Orc:1)
  3 boulder beetles
  4 centaur warriors
  9 hydras
  6 two-headed ogres
  2 catoblepae
  An alligator (Swamp:1)
  Urug (D:13)
  A death yak (Lair:2)
  5 orc high priests (Orc:2)
  2 tengu warriors
  Sonja (D:13)
  Amaemon (D:8)
  A swamp dragon (Lair:5)
  A phantasmal warrior (D:11)
  5 orc knights
  8 ugly things
  A necromancer (D:15)
  2 manticores
  2 deep elf pyromancers (D:15)
  A deep elf zephyrmancer (D:15)
  5 orc sorcerers
  3 oklob plants (Lair:3)
  3 wolf spiders
  5 cyclopes
  22 elephants
  A centaur zombie (D:15)
  2 guardian serpents
  6 black mambas
  2 gargoyles (D:12)
  3 centaur skeletons (D:15)
  An orange demon (D:8)
  16 cane toads
  2 rime drakes (Lair:5)
  5 kobold demonologists
  15 komodo dragons
  2 tengu conjurers
  A polar bear (shapeshifter) (D:13)
  2 polar bears
  10 trolls
  3 meliai (D:15)
  6 slime creatures
  3 hornets
  11 blink frogs
  Grinder (D:5)
  4 dream sheep (Lair:5)
  A centaur simulacrum (D:12)
  Sigmund (D:5)
  A shadow (D:10)
  4 wraiths
  10 humans (D:14)
  56 yaks
  19 wyverns
  A redback (Lair:5)
  8 basilisks
  6 vampire mosquitoes
  A hog (shapeshifter) (D:13)
  A swamp worm (Swamp:1)
  Menkaure (D:5)
  2 steam dragons (Lair:5)
  3 wargs
  2 acid dragons
  28 water moccasins
  2 black bears
  An ice beast (D:5)
  4 swamp drakes
  45 orc warriors
  A sky beast (D:6)
  10 wolves
  12 centaurs
  15 ogres
  2 phantoms
  5 kobold brigands
  5 bullfrogs
  3 necrophages
  3 scorpions
  6 killer bees (D:9)
  4 troll zombies (D:10)
  6 howler monkeys
  6 hounds
  33 orc priests
  3 jellies
  2 gnoll boudas
  22 iguanas
  26 orc wizards
  7 hell rats (Lair:1)
  4 ogre zombies (D:10)
  10 gnolls
  7 river rats
  14 adders
  2 shadow imps
  2 white imps
  An ufetubus (D:5)
  3 worms
  4 dart slugs
  101 orcs
  14 ball pythons
  8 endoplasms
  2 giant cockroaches
  5 goblins
  6 hobgoblins
  10 jackals
  6 quokkas
  5 bats
  21 frilled lizards
  2 goblin skeletons (D:10)
  5 goblin zombies (D:10)
  2 hobgoblin skeletons (D:10)
  A hobgoblin zombie (D:10)
  27 kobolds
  An orc skeleton (D:10)
  13 orc zombies (D:10)
  11 rats
  A plant (Lair:3)
858 creatures vanquished.

Vanquished Creatures (others)
  A bloated husk (Swamp:1)
  A hobgoblin skeleton (D:10)
  A bush (Lair:5)
  8 demonic plants (D:11)
  40 fungi
  122 plants
173 creatures vanquished.

Grand Total: 1031 creatures vanquished

Notes
Turn   | Place    | Note
-------+----------+-------------------------------------------
     0 | D:1      | KittyFluff the Gargoyle Berserker began the quest for the
                  | Orb.
     0 | D:1      | Reached XP level 1. HP: 14/14 MP: 1/1
    61 | D:1      | You fall into a shaft and drop 1 floor!
    99 | D:2      | Reached XP level 2. HP: 16/19 MP: 2/2
   224 | D:2      | Found a glowing silver altar of Zin.
   242 | D:2      | Reached XP level 3. HP: 19/24 MP: 3/3
   710 | D:1      | Reached ** piety under Trog
   711 | D:1      | Reached skill level 1 in Shields
   908 | D:1      | Found a faded altar of an unknown god.
  1137 | D:1      | Reached XP level 4. HP: 27/29 MP: 4/4
  1151 | D:1      | Found Xixeosoa's Book Boutique.
  2204 | D:3      | Reached *** piety under Trog
  2884 | D:4      | Noticed a scorpion
  2884 | D:4      | Noticed an ogre
  2891 | D:3      | Killed an ogre
  2892 | D:3      | Reached XP level 5. HP: 33/33 MP: 5/5
  3130 | D:4      | Reached XP level 6. HP: 27/38 MP: 6/6
  3364 | D:4      | Reached skill level 1 in Stealth
  3817 | D:4      | Reached skill level 5 in Maces & Flails
  3817 | D:4      | Reached skill level 1 in Staves
  3817 | D:4      | Reached XP level 7. HP: 41/44 MP: 7/7
  3924 | D:5      | Entered Level 5 of the Dungeon
  4054 | D:5      | Found a glowing drain.
  4200 | Sewer    | Entered a sewer
  4236 | Sewer    | Reached skill level 2 in Staves
  4245 | Sewer    | Reached **** piety under Trog
  4769 | D:5      | Noticed Grinder
  4791 | D:5      | Paralysed by Grinder for 5 turns
  4813 | D:5      | Paralysed by Grinder for 5 turns
  4834 | D:5      | Killed Grinder
  4835 | D:5      | Reached skill level 3 in Staves
  5056 | D:5      | Reached skill level 4 in Staves
  5056 | D:5      | Reached XP level 8. HP: 27/48 MP: 8/8
  5091 | D:5      | Noticed Menkaure
  5099 | D:5      | Killed Menkaure
  5363 | D:5      | Found a staircase to the Ecumenical Temple.
  5387 | D:5      | Noticed a wraith
  5412 | D:5      | Killed a wraith
  5413 | D:5      | Reached skill level 5 in Fighting
  5413 | D:5      | Reached skill level 5 in Staves
  5884 | D:5      | Reached skill level 1 in Throwing
  6077 | D:5      | Found an ancient bone altar of Kikubaaqudgha.
  6160 | D:5      | Noticed Sigmund
  6176 | D:5      | Killed Sigmund
  6177 | D:5      | Reached skill level 6 in Staves
  6177 | D:5      | Reached skill level 5 in Armour
  6268 | D:5      | Reached XP level 9. HP: 41/54 MP: 9/9
  6334 | D:5      | Reached skill level 7 in Staves
  6485 | D:6      | Found Giap's General Store.
  6871 | D:6      | Reached skill level 8 in Staves
  6979 | D:6      | Identified the +0 chain mail "Noozou" {*Corrode rElec
                  | Int+8}
  7075 | D:6      | Found a bloodstained altar of Trog.
  7586 | D:7      | Reached skill level 9 in Staves
  7890 | D:7      | Reached XP level 10. HP: 60/60 MP: 10/10
  8007 | D:8      | Reached ***** piety under Trog
  8064 | D:8      | Noticed a two-headed ogre
  8073 | D:8      | Killed a two-headed ogre
  8074 | D:8      | Reached skill level 10 in Staves
  8530 | D:8      | Found a transporter.
  8532 | D:8      | Noticed a red ugly thing
  8533 | D:8      | Noticed a green ugly thing
  8534 | D:8      | Found a corrupted altar of Lugonu.
  8534 | D:8      | Noticed a green ugly thing
  8612 | D:8      | Noticed an orange demon
  8614 | D:8      | Noticed Amaemon
  8619 | D:8      | Killed an orange demon
  8628 | D:8      | Killed Amaemon
  8966 | D:6      | Bought the +2 pair of gloves "Igricuse" {-Cast rN+ Str+2
                  | Slay+4} for 436 gold pieces
  9140 | D:9      | Reached skill level 11 in Staves
  9191 | D:9      | Noticed a rakshasa
  9214 | D:9      | Killed a rakshasa
  9329 | D:9      | Reached XP level 11. HP: 66/66 MP: 11/11
  9615 | D:9      | Reached skill level 12 in Staves
  9849 | D:9      | Noticed a cyan ugly thing
  9863 | D:9      | Killed a cyan ugly thing
  9998 | D:9      | Noticed a tengu warrior
 10017 | D:9      | Killed a tengu warrior
 10021 | D:9      | Reached skill level 5 in Dodging
 10350 | D:10     | Entered Level 10 of the Dungeon
 10380 | D:10     | Found a stormy altar of Qazlal.
 10540 | D:10     | Noticed Erolcha
 10559 | D:10     | Killed Erolcha
 10560 | D:10     | Reached skill level 13 in Staves
 11285 | D:10     | Identified the +3 mace of Dominance {venom, +Blink Str+3}
 11332 | D:10     | Received a gift from Trog
 11688 | D:10     | Found a staircase to the Orcish Mines.
 11773 | D:10     | Noticed Fannar
 11783 | D:10     | Killed Fannar
 11784 | D:10     | Reached XP level 12. HP: 64/72 MP: 12/12
 12613 | D:11     | Noticed a five-headed hydra
 12620 | D:11     | Killed a five-headed hydra
 12621 | D:11     | Reached skill level 14 in Staves
 13094 | Orc:1    | Entered Level 1 of the Orcish Mines
 13192 | Orc:1    | Received a gift from Trog
 13235 | Orc:1    | Noticed Harold
 13243 | Orc:1    | Killed Harold
 13309 | Orc:1    | Found a burning altar of Makhleb.
 13322 | Orc:1    | Identified the +0 robe of the Eagle {MP-9 Str+3 Dex+7}
 13524 | Orc:2    | Entered Level 2 of the Orcish Mines
 13552 | Orc:2    | Noticed Donald
 13623 | Orc:2    | Killed Donald
 13740 | Orc:2    | Noticed Snorg
 13758 | Orc:2    | Killed Snorg
 13822 | Orc:2    | Noticed a two-headed ogre
 13863 | Orc:2    | Killed a two-headed ogre
 14228 | Orc:2    | Noticed a two-headed ogre
 14244 | Orc:2    | Killed a two-headed ogre
 14411 | Orc:2    | Reached skill level 15 in Staves
 14603 | Orc:2    | Reached XP level 13. HP: 71/79 MP: 4/13
 14660 | Orc:2    | Found Leguix's General Store.
 14683 | Orc:2    | Found Gixeefem's Book Shoppe.
 14750 | Orc:2    | Bought a scroll of immolation for 56 gold pieces
 14750 | Orc:2    | Bought a potion of mutation for 112 gold pieces
 14750 | Orc:2    | Bought a scroll of identify for 28 gold pieces
 14992 | Orc:2    | Reached ****** piety under Trog
 15423 | Orc:2    | Found Wumics's General Store.
 15546 | Orc:2    | Noticed an orc warlord
 15591 | Orc:2    | Killed an orc warlord
 15592 | Orc:2    | Reached skill level 10 in Armour
 15741 | Orc:2    | Found Cefi's Antique Weapon Shoppe.
 15780 | Orc:2    | Bought a scroll of enchant armour for 112 gold pieces
 15887 | Orc:2    | Paralysed by an orc sorcerer for 2 turns
 15997 | Orc:2    | Paralysed by an orc sorcerer for 5 turns
 16005 | Orc:2    | Reached skill level 5 in Throwing
 16048 | Orc:2    | Found a staircase to the Elven Halls.
 16733 | D:11     | Received a gift from Trog
 16763 | D:11     | Reached skill level 16 in Staves
 16934 | D:11     | Found a staircase to the Lair.
 16958 | D:11     | Reached skill level 10 in Fighting
 17175 | D:11     | Found a corrupted altar of Lugonu.
 17342 | D:11     | Found the +3 pair of seven-league boots {Rampage+∞}
 17350 | D:11     | Reached skill level 1 in Evocations
 17462 | Lair:1   | Entered Level 1 of the Lair of Beasts
 17563 | Lair:1   | Gained mutation: Your large and strong wings let you fly.
                  | [Gargoyle growth]
 17563 | Lair:1   | Reached XP level 14. HP: 88/88 MP: 4/14
 17601 | Lair:1   | Found a shimmering altar of Xom.
 18288 | Lair:2   | Found a staircase to the Swamp.
 18457 | Lair:2   | Found a runed translucent door.
 18458 | Lair:2   | Noticed superradish's ghost (journeyman OpFi)
 18479 | Lair:2   | Killed superradish's ghost
 18513 | Lair:2   | Identified the ring "Afrugutz" {Fire Dex+3}
 19091 | Lair:3   | Reached skill level 5 in Stealth
 19144 | Lair:3   | Found a staircase to the Snake Pit.
 19227 | Lair:3   | Received a gift from Trog
 20182 | Lair:4   | Found a staircase to the Slime Pits.
 20237 | Lair:4   | Reached skill level 5 in Shields
 20692 | Lair:4   | Identified the +10 plate armour of Hide-and-Seek {-Cast
                  | rElec rC+ Will++}
 20712 | Lair:4   | Found a viscous altar of Jiyva.
 20831 | Lair:5   | Entered Level 5 of the Lair of Beasts
 20955 | Lair:5   | Reached XP level 15. HP: 85/95 MP: 5/15
 21130 | Lair:5   | Received a gift from Trog
 21780 | Lair:5   | Found a transporter.
 21800 | Lair:5   | Noticed boopmooplesden's ghost (journeyman MiBe)
 21813 | Lair:5   | Found a transporter.
 21971 | Lair:5   | Reached skill level 17 in Staves
 22021 | Lair:5   | Received a gift from Trog
 23264 | D:13     | Noticed Urug
 23282 | D:13     | Killed Urug
 23284 | D:13     | Noticed Sonja
 23321 | D:13     | Killed Sonja
 23984 | D:14     | Reached XP level 16. HP: 81/101 MP: 5/16
 24318 | D:14     | Received a gift from Trog
 24351 | D:14     | Found a gate to the Vaults.
 24552 | D:14     | Found a sparkling altar of Nemelex Xobeh.
 24567 | D:14     | Found Kiwku's Book Boutique.
 24754 | D:15     | Entered Level 15 of the Dungeon
 24866 | D:15     | Found a staircase to the Depths.
 26156 | Swamp:1  | Entered Level 1 of the Swamp
 26214 | Swamp:1  | Mangled by a spriggan rider

Illustrated notes

Levels and vault maps discovered:
D:1:      pf_arrival_petrified_forest, layout_basic, serial_shops,
          nicolae_diamond_shop, nicolae_ecumenical_snake_handling
D:2:      minmay_diamond_boxcup, layout_loops_ring, basic_altar,
          grunt_ministairs_3, minmay_pentomino_w2
D:3:      layout_loops_ring, minivault_24
D:4:      layout_loops_ring
D:5:      cheibrodos_barr_body, layout_basic, kiku_gazebo_pond_becter,
          temple_green, lightli_sewer_entry_pipes, minivault_23, hex_large,
          grunt_ministairs_3, serial_bayou_lagoon_a, kennysheep_generic_room_5,
          uniq_grinder, uniq_sigmund, uniq_menkaure
D:6:      layout_loops_ring, lightli_temple_of_fire, serial_shops, shop
D:7:      layout_loops_corners, feat_on_display
D:8:      gammafunk_corrupted_shrine, layout_basic, uniq_amaemon
D:9:      cheibrodos_fzero, layout_irregular_city, minivault_5,
          minmay_unpleasant_kobolds
D:10:     lemuel_reptile_caves, layout_cave_pods,
          nicolae_qazlal_general_emergency, zombieorc2_lemuel, enter_bailey_2,
          chequers_serial_rivers_micro_b, kennysheep_small_square, uniq_erolcha,
          uniq_fannar
D:11:     kennysheep_kobold_lugonu_temple, layout_gridville,
          minmay_lair_entry_grove, serial_rivers,
          chequers_serial_rivers_micro_c, chequers_serial_rivers_marsh,
          chequers_serial_rivers_small_b, chequers_serial_rivers_large_b,
          chequers_serial_rivers_micro_d, chequers_serial_rivers_small_3,
          hellmonk_guarded_unrand_seven_league_boots
D:12:     layout_rooms, dk_vineyard_3
D:13:     layout_basic, chequers_arboretum, uniq_urug, uniq_sonja
D:14:     layout_loops_cross, ximxim_vaults_locker_room, serial_shops, shop,
          nemelex_xobeh_ov_fountains_minmay
D:15:     grunt_enter_depths_magical_seal, layout_loops_ring,
          nicolae_cairo_tiling_large
Lair:1:   layout_cave_pods, basic_altar, grunt_megastairs_3
Lair:2:   layout_long_grid, minmay_swamp_entry_swarm, ebering_ghost_inner_flame,
          lemuel_fruit_fields
Lair:3:   layout_hall_layers, minmay_snake_entry_six_corridors, dpeg_oklob_1
Lair:4:   layout_misc_corridors, minmay_slime_entry_oklob_open,
          grunt_megastairs_5
Lair:5:   guppyfry_lair_end_dragon, layout_regular_city,
          hangedman_lair_tendril_chambers, gammafunk_ghost_arena,
          grunt_forest_small_clearing_treed
Swamp:1:  layout_falls_marsh, nicolae_swamp_treefoil
Orc:1:    nicolae_orc_accident_1, layout_caves, lemuel_statue_altar,
          bloody_makhleb, uniq_harold
Orc:2:    pubby_orc_utopia, serial_shops, uniq_donald, uniq_snorg

Skill      XL: |  1  2  3  4  5  6  7  8  9 10 11 12 13 14 15 16 |
---------------+-------------------------------------------------+-----
Shields        | 1 2 3 5 7 |  7.7
Fighting       | 4 5 6 7 8 10 11 12 | 12.6
Dodging        | 2 3 4 5 6 7 8 |  8.4
Maces & Flails | 4 5 |  5.0
Armour         | 3 4 5 6 7 8 9 10 11 12 | 12.5
Stealth        | 1 2 3 4 5 |  5.3
Staves         | 1 4 6 9 11 13 15 16 17 | 17.3
Throwing       | 1 2 3 4 5 6 9 |  9.4
Evocations     | 1 3 4 |  4.6

Action                   |  1- 3 |  4- 6 |  7- 9 | 10-12 | 13-15 | 16-18 || total
-------------------------+-------+-------+-------+-------+-------+-------++-------
Melee: Mace              |   114 |   162 |       |       |       |       ||   276
       Quarterstaff      |       |    32 |   567 |   477 |    40 |       ||  1116
       Punch             |       |     1 |       |       |       |       ||     1
       Lajatang          |       |       |       |   136 |   908 |   183 ||  1227
 Fire: Arbalest          |       |       |       |       |     3 |       ||     3
Throw: Boomerang         |       |       |    13 |    82 |   197 |     9 ||   301
Invok: Berserk           |     1 |     1 |     5 |    16 |     5 |       ||    28
Evoke: Wand              |       |       |       |       |     1 |       ||     1
  Use: Potion            |     1 |       |     2 |       |       |       ||     3
       Scroll            |       |       |     8 |    11 |    15 |       ||    34
 Stab: Sleeping          |       |     1 |     1 |     1 |     4 |     1 ||     8
       Confused          |       |       |       |     2 |       |       ||     2
       Distracted        |       |       |       |     2 |       |     1 ||     3
Armor: Animal skin       |    84 |    82 |       |       |       |       ||   166
       Leather armour    |       |     9 |   251 |   164 |       |       ||   424
       Troll leather arm |       |       |       |    52 |   388 |    53 ||   493
Dodge: Dodged            |   148 |   146 |   295 |   291 |   506 |    75 ||  1461
Block: Other             |       |       |       |       |   151 |    32 ||   183
       Reflection        |       |       |       |       |     3 |       ||     3
